 Dungeon Crawl Stone Soup version 0.31-a0-210-gccc998df9b (webtiles) character file.

Game seed: 12456614406649020418

3075 qw the Cleaver (level 9, -8/57 HPs)
             Began as a Gargoyle Fighter on June 29, 2023.
             Was a Follower of Okawaru.
             Mangled by a yak (10 damage)
             ... on level 8 of the Dungeon.
             The game lasted 00:02:59 (6464 turns).

qw the Cleaver (Gargoyle Fighter)                   Turns: 6464, Time: 00:02:59

Health: -8/57      AC: 26    Str: 25    XL:     9   Next: 88%
Magic:  9/12       EV: 14    Int:  8    God:    Okawaru [*.....]
Gold:   531        SH:  5    Dex:  9    Spells: 8/8 levels left

rFire   + . .        Y - +2 broad axe (elec)
rCold   . . .        c - +0 buckler
rNeg    + . .        i - +0 plate armour
rPois   inf          b - +0 helmet
rElec   +            m - +0 cloak
rCorr   .            t - +1 pair of gloves
SInv    .            (no boots)
Will    .....        (no amulet) Stlth
                     a - +5 ring of evasion
HPRegen 0.29/turn    f - ring of protection from fire
MPRegen 0.13/turn

%: no passive effects
@: about to teleport, heroic
A: sickness immunity, AC +6, negative energy resistance 1, electricity
resistance, torment resistance 1, petrification resistance
a: Renounce Religion, Heroism


You were on level 8 of the Dungeon.
You worshipped Okawaru.
Okawaru was aware of your devotion.
You visited 2 branches of the dungeon, and saw 9 of its levels.

You collected 531 gold pieces.


Innate Abilities, Weirdness & Mutations

You are immune to sickness and miasma.
Your stone body is resilient. (AC +6)
You are immune to poison.
You resist negative energy. (rN+)
You are resistant to electric shocks. (rElec)
You are resistant to unholy torment.
You are immune to petrification.


   Skills:
 - Level 7.2(12.2) Fighting
 + Level 9.1(14.1) Axes
 - Level 1.6(6.6) Throwing
 - Level 6.0(11.0) Armour
 - Level 1.7(6.7) Dodging
 - Level 4.0(9.0) Shields
 - Level 4.0 Invocations


You had 8 spell levels left.
You didn't know any spells.
Your spell library was empty.

Inventory:

Hand Weapons
 p - a +0 war axe of flaming
 Y - a +2 broad axe of electrocution (weapon)
Armour
 b - a +0 helmet (worn)
 c - a +0 buckler (worn)
 g - +0 acid dragon scales
 i - a +0 plate armour (worn)
 m - a +0 cloak (worn)
 t - a +1 pair of gloves (worn)
Jewellery
 a - a +5 ring of evasion (left hand)
 f - a ring of protection from fire (right hand)
 u - a +6 ring of dexterity
Scrolls
 l - 2 scrolls of identify
 r - a scroll of teleportation
Potions
 d - 3 potions of might
 e - 2 potions of enlightenment
 h - 3 potions of heal wounds
 j - a potion of cancellation
 k - a potion of resistance
 s - a potion of magic

Dungeon Overview and Level Annotations

Branches:
Dungeon (8/15)             Temple (1/1) D:7
   Lair: D:8-11

Altars:
Cheibriados
Dithmenos
Fedhas
Gozag
Hepliaklqana
Kikubaaqudgha
Makhleb
Nemelex Xobeh
Okawaru
Qazlal
Ru
Sif Muna
Trog
Uskayaw
Wu Jian
Xom
Yredelemnul
Zin
The Shining One

Annotations:
D:4 2 transporters, qw's ghost, amateur DEHu
D:6 1 runed translucent door, Crazy Yiuf


Message History

The yak gores you but does no damage.
You hear a chilling moan.
You hit the yak.
The yak is lightly wounded.
You barely miss the yak.
The centaur shoots an arrow.
The arrow hits you. The yak gores you but does no damage. The yak gores you.
The white imp shouts, "Get thee hence, thou jarring rump-fed efter!"
The centaur shoots an arrow.
The arrow hits you but does no damage.
You barely miss the yak.
The yak is lightly wounded.
You slash the yak! Lightning courses through the yak!
The centaur shoots an arrow.
The arrow completely misses you.
The arrow barely misses the yak.
The yak gores you. The yak closely misses you.
A quasit comes into view.
You slice the yak!!
You kill the yak!
Okawaru accepts your kill.
You slash the yak! You hit the yak but do no damage.
The centaur shoots an arrow.
You block the arrow. You block the yak's attack. The yak gores you!
An ufetubus comes into view.
The centaur shoots an arrow.
The arrow hits you!
The ufetubus shouts!
Your Invocations skill increases to level 4!
6462 ||| INVOKING Heroism.
You gain the combat prowess of a mighty hero.
The yak closely misses you.
The white imp laughs crazily.
The centaur shoots an arrow.
You block the arrow.
You slash the yak!
The yak is heavily wounded.
You slash the yak! Lightning courses through the yak! You slash the yak!
The yak gores you but does no damage. The yak gores you!
The yak gores you but does no damage.
6464 ||| READING 2 scrolls of teleportation.
As you read the scroll of teleportation, it crumbles to dust.
You feel strangely unstable. The yak gores you! The yak closely misses you.
The yak gores you!
You die...

#....[......## #....
##....#......#.....
##...#......#.$. #
###.#......#.# >..
######.##.......#....
##..#...##............
#.....#.##...$........
##...######.....5.....
##...## #..Y@.5c.....
#.....####>..YYY.#.#...
#>......##..##Y##### ).
##.(........ #5. .
####.........Y ...
#............. ....
.............. ....
##..#...............
#.###........


You could see 5 yaks, a centaur, a quasit, a white imp and an ufetubus.

Vanquished Creatures
  Maurice (D:8)
  Maggie (D:8)
  A yak (D:8)
  An orc warrior (D:7)
  A sky beast (D:7)
  2 black bears
  2 ice beasts (D:7)
  An ogre (D:7)
  A phantom (D:4)
  5 necrophages (D:7)
  2 scorpions
  A water moccasin zombie (D:7)
  8 wights (D:7)
  A howler monkey (D:8)
  A bullfrog zombie (D:7)
  A gnoll bouda (D:7)
  2 hounds
  3 orc priests (D:6)
  A sleepcap (D:6)
  4 iguanas
  4 orc wizards
  4 gnolls (D:7)
  4 adders
  2 shadow imps
  4 white imps
  5 dart slugs
  18 orcs
  7 ball pythons
  13 endoplasms
  3 giant cockroaches
  2 goblins
  10 hobgoblins
  3 jackals (D:4)
  6 quokkas
  A bat (D:3)
  3 frilled lizards (D:1)
  5 kobolds
  3 rats
137 creatures vanquished.

Notes
Turn   | Place    | Note
-------+----------+-------------------------------------------
     0 | D:1      | qw the Gargoyle Fighter began the quest for the Orb.
     0 | D:1      | Reached XP level 1. HP: 14/14 MP: 1/1
     0 | D:1      | 0 ||| qw: Version: 0.3-a-24-g62f9e04
     0 | D:1      | 0 ||| qw: Game counter: 6712
     0 | D:1      | 0 ||| qw: Melee chars always use a shield: true
     0 | D:1      | 0 ||| qw: God list: Okawaru
     0 | D:1      | 0 ||| qw: Allow faded altars: false
     0 | D:1      | 0 ||| qw: Do Orc after clearing Dungeon:15 true
     0 | D:1      | 0 ||| qw: Do second Lair branch before Depths: true
     0 | D:1      | 0 ||| qw: Lair rune preference: random
     0 | D:1      | 0 ||| qw: Goals: Normal, Zot:1-4, Slime:5, God:TSO, Crypt,
                  | Tomb, Abyss, Pan, Hells, Win
     0 | D:1      | 0 ||| PLANNING D:1-11
    91 | D:1      | Reached skill level 2 in Axes
   107 | D:1      | 107 ||| Stepping ~*~*~tactically~*~*~ (hiding).
   108 | D:1      | 108 ||| Stepping ~*~*~tactically~*~*~ (hiding).
   243 | D:1      | Reached XP level 2. HP: 19/19 MP: 2/2
   421 | D:1      | 421 ||| FLEEEEING.
   422 | D:1      | 422 ||| FLEEEEING.
   482 | D:1      | 482 ||| Stepping ~*~*~tactically~*~*~ (stealth).
   674 | D:1      | Reached skill level 3 in Axes
   813 | D:1      | 813 ||| READING scroll labelled NUFEOH RAAR.
   816 | D:1      | 816 ||| READING scroll labelled VOOCUH VISAFF.
   817 | D:1      | 817 ||| READING 2 scrolls labelled FAGHON OHAMN.
   953 | D:2      | Reached XP level 3. HP: 20/23 MP: 3/3
  1228 | D:2      | Found a stormy altar of Qazlal.
  1278 | D:2      | Reached XP level 4. HP: 28/28 MP: 4/4
  1310 | D:2      | 1310 ||| DROPPING +0 whip.
  1312 | D:2      | 1312 ||| Stepping ~*~*~tactically~*~*~ (hiding).
  1622 | D:2      | 1622 ||| UPGRADING to +5 ring of evasion.
  1623 | D:2      | 1623 ||| READING scroll labelled YMMEOM KIUCIHUBAN.
  1624 | D:2      | 1624 ||| DROPPING +2 heavy mace.
  1625 | D:2      | 1625 ||| READING 2 scrolls of identify.
  1625 | D:2      | 1625 ||| IDENTIFYING red potion
  1684 | D:3      | Reached skill level 4 in Axes
  1817 | D:3      | 1817 ||| Stepping ~*~*~tactically~*~*~ (hiding).
  1994 | D:3      | 1994 ||| Stepping ~*~*~tactically~*~*~ (stealth).
  1995 | D:3      | 1995 ||| Stepping ~*~*~tactically~*~*~ (stealth).
  2278 | D:3      | 2278 ||| UPGRADING to ring of protection from fire.
  2279 | D:3      | 2279 ||| READING scroll labelled SEURRI YGOVY.
  2300 | D:3      | 2300 ||| READING scroll labelled JOSTAIBO MOORCH.
  2301 | D:3      | 2301 ||| DRINKING 2 bubbling cyan potions.
  2302 | D:3      | 2302 ||| READING 2 scrolls of identify.
  2302 | D:3      | 2302 ||| IDENTIFYING gluggy blue potion
  2303 | D:3      | 2303 ||| DROPPING potion of degeneration.
  2390 | D:4      | 2390 ||| Stepping ~*~*~tactically~*~*~ (stealth).
  2394 | D:4      | Reached XP level 5. HP: 32/32 MP: 5/5
  2528 | D:4      | Noticed a phantom
  2554 | D:4      | Killed a phantom
  2555 | D:4      | Reached skill level 5 in Axes
  2555 | D:4      | Reached XP level 6. HP: 23/37 MP: 6/6
  2818 | D:4      | 2818 ||| Stepping ~*~*~tactically~*~*~ (hiding).
  2820 | D:4      | 2820 ||| Stepping ~*~*~tactically~*~*~ (hiding).
  2856 | D:4      | 2856 ||| Stepping ~*~*~tactically~*~*~ (hiding).
  3103 | D:4      | Noticed qw's ghost (amateur DEHu)
  3104 | D:4      | Identified the +7 giant spiked club of Purpose {pain,
                  | rPois}
  3105 | D:4      | Found a transporter.
  3124 | D:4      | Found a transporter.
  3413 | D:4      | 3413 ||| UPGRADING to +0 cloak.
  3418 | D:4      | 3418 ||| UPGRADING to +0 chain mail.
  3428 | D:4      | 3428 ||| DROPPING +0 scale mail.
  3429 | D:4      | 3429 ||| READING scroll labelled DOAMPO GUTRU.
  3429 | D:4      | Identified a scroll of acquirement
  3429 | D:4      | 3429 ||| ACQUIRING +2 broad axe of electrocution
  3429 | D:4      | Acquired a +2 broad axe of electrocution
  3431 | D:4      | 3431 ||| SWAPPING to +2 broad axe of electrocution.
  3432 | D:4      | 3432 ||| READING scroll labelled OTTEITECKIFO.
  3433 | D:4      | 3433 ||| READING scroll labelled XULYDGHOECU.
  3434 | D:4      | 3434 ||| DRINKING 2 lumpy brown potions.
  3451 | D:5      | Entered Level 5 of the Dungeon
  3546 | D:5      | Found an opulent altar of Gozag.
  3646 | D:5      | Reached skill level 6 in Axes
  3672 | D:5      | Noticed a black bear
  3678 | D:5      | Killed a black bear
  3679 | D:5      | Reached skill level 1 in Dodging
  3679 | D:5      | Reached XP level 7. HP: 44/44 MP: 7/7
  3805 | D:5      | Found a snail-covered altar of Cheibriados.
  3898 | D:5      | 3898 ||| UPGRADING to +0 helmet.
  3903 | D:5      | 3903 ||| UPGRADING to +0 pair of gloves.
  3908 | D:5      | 3908 ||| DROPPING ring of magical power.
  3909 | D:5      | 3909 ||| READING 2 scrolls labelled XEGOUR SEPPUO.
  3910 | D:5      | 3910 ||| READING scroll of enchant armour.
  3910 | D:5      | 3910 ||| ENCHANTING +0 pair of gloves.
  3911 | D:5      | 3911 ||| DRINKING 2 viscous white potions.
  4015 | D:5      | 4015 ||| DROPPING potion of berserk rage.
  4082 | D:6      | 4082 ||| Stepping ~*~*~tactically~*~*~ (hiding).
  4272 | D:6      | 4272 ||| Stepping ~*~*~tactically~*~*~ (hiding).
  4273 | D:6      | 4273 ||| Stepping ~*~*~tactically~*~*~ (hiding).
  4336 | D:6      | Found a shimmering blue altar of Sif Muna.
  4587 | D:6      | Reached skill level 7 in Axes
  4652 | D:6      | Found a runed translucent door.
  4653 | D:6      | Noticed Crazy Yiuf
  4914 | D:6      | 4914 ||| DROPPING amulet of magic regeneration.
  4915 | D:6      | 4915 ||| DRINKING 2 fizzy inky potions.
  4916 | D:6      | 4916 ||| READING 4 scrolls of identify.
  4916 | D:6      | 4916 ||| IDENTIFYING puce potion
  4917 | D:6      | 4917 ||| READING 3 scrolls of identify.
  4917 | D:6      | 4917 ||| IDENTIFYING sedimented sapphire potion
  4918 | D:6      | 4918 ||| READING 2 scrolls of identify.
  4918 | D:6      | 4918 ||| IDENTIFYING orange potion
  4919 | D:6      | 4919 ||| DROPPING potion of invisibility.
  4920 | D:6      | 4920 ||| DROPPING potion of brilliance.
  4921 | D:6      | 4921 ||| DROPPING potion of ambrosia.
  4988 | D:7      | Reached XP level 8. HP: 49/49 MP: 8/8
  5001 | D:7      | Reached skill level 1 in Throwing
  5024 | D:7      | Found an ornate altar of the Wu Jian Council.
  5119 | D:7      | 5119 ||| Stepping ~*~*~tactically~*~*~ (hiding).
  5237 | D:7      | 5237 ||| Stepping ~*~*~tactically~*~*~ (stealth).
  5279 | D:7      | Found a blossoming altar of Fedhas.
  5280 | D:7      | 5280 ||| Stepping ~*~*~tactically~*~*~ (stealth).
  5287 | D:7      | Reached skill level 8 in Axes
  5293 | D:7      | Reached skill level 6 in Fighting
  5300 | D:7      | 5300 ||| Stepping ~*~*~tactically~*~*~ (stealth).
  5311 | D:7      | Reached XP level 9. HP: 55/55 MP: 9/9
  5371 | D:7      | Reached skill level 9 in Axes
  5514 | D:7      | Found a staircase to the Ecumenical Temple.
  5515 | D:7      | 5515 ||| PLANNING TEMPLE
  5515 | D:7      | 5515 ||| UPGRADING to +0 plate armour.
  5525 | D:7      | 5525 ||| DROPPING +0 chain mail.
  5534 | Temple   | Entered the Ecumenical Temple
  5567 | Temple   | 5567 ||| PLANNING OKAWARU WORSHIP
  5909 | Temple   | Became a worshipper of Warmaster Okawaru
  5910 | Temple   | 5910 ||| PLANNING D:1-11
  6006 | D:7      | Found a burning altar of Makhleb.
  6106 | D:7      | Reached skill level 6 in Armour
  6343 | D:8      | Noticed Maurice
  6345 | D:8      | Noticed Maggie
  6351 | D:8      | Reached * piety under Okawaru
  6358 | D:8      | Killed Maggie
  6385 | D:8      | Killed Maurice
  6385 | D:8      | Reached ** piety under Okawaru
  6386 | D:8      | Reached skill level 3 in Invocations
  6451 | D:8      | 6451 ||| Stepping ~*~*~tactically~*~*~ (stealth).
  6452 | D:8      | 6452 ||| Stepping ~*~*~tactically~*~*~ (stealth).
  6462 | D:8      | 6462 ||| INVOKING Heroism.
  6463 | D:8      | HP: 8/57 [yak (12)]
  6464 | D:8      | 6464 ||| READING 2 scrolls of teleportation.
  6464 | D:8      | HP: 2/57 [yak (7)]
  6464 | D:8      | Mangled by a yak

Levels and vault maps discovered:
D:1:      nzn_arrival_depleted_hourglass, layout_basic
D:2:      layout_loops_ring, basic_altar, nrook_mini_vaults
D:3:      layout_basic, st_stairs_4
D:4:      layout_basic, gammafunk_ghost_smash
D:5:      layout_rooms, old_standard_altar, nicolae_gozag_seed_capital,
          chequers_serial_rivers_marsh, minmay_misc_feat_roman, minmay_holes
D:6:      layout_basic, mainiacjoe_overflow_tiny_flanked,
          uniq_crazy_yiuf_cottage
D:7:      layout_loops_ring, lemuel_crystal_altar, fedhas_altar_decomposition,
          lemuel_round_altar, minmay_temple_entry_statues_pillars
D:8:      layout_cave_pools, mainiacjoe_overflow_alcove_2,
          nicolae_vehumet_altar_sigil, serial_demonic, serial_demonic_f,
          serial_demonic_g, serial_demonic_a, serial_demonic_g,
          kennysheep_generic_room_15, uniq_prince_ribbit1, uniq_maurice,
          uniq_maggie
Temple:   compressed_dpeg_triangle_lava_temple

Skill      XL: |  1  2  3  4  5  6  7  8  9 |
---------------+----------------------------+-----
Axes           | 2 3 4 5 6 7 8 9 |  9.1
Fighting       | 4 5 6 7 |  7.2
Dodging        | 1 |  1.7
Armour         | 4 6 |  6.0
Throwing       | 1 |  1.6
Shields        | 4 |  4.0
Invocations    | 4 |  4.0

Action                     |  1- 3 |  4- 6 |  7- 9 || total
---------------------------+-------+-------+-------++-------
  Melee: War axe           |   118 |   109 |       ||   227
         Broad axe         |       |    16 |   153 ||   169
  Throw: Boomerang         |       |     5 |    27 ||    32
 Invoke: Heroism           |       |       |     1 ||     1
    Use: Scroll            |     3 |     8 |     6 ||    17
         Potion            |       |     2 |     2 ||     4
 Armour: Scale mail        |    49 |    28 |       ||    77
         Chain mail        |       |     5 |    49 ||    54
         Plate armour      |       |       |    19 ||    19
  Dodge: Dodged            |    46 |    74 |   101 ||   221
  Block: Buckler           |    14 |    18 |    36 ||    68

Table legend:
 A = Non-vault XP
 B = Vault XP
 C = Vault XP percentage of total XP
 D = Non-vault monster count
 E = Vault monster count
 F = Vault count percentage of total count
                 A         B        C        D         E       F
            +---------+---------+-------+---------+---------+-------
      Total |    2909 |    1485 |  33.8 |     126 |      11 |   8.0
            +---------+---------+-------+---------+---------+-------
        D:1 |      31 |       0 |   0.0 |      19 |       0 |   0.0
        D:2 |      57 |       0 |   0.0 |      19 |       0 |   0.0
        D:3 |      33 |      41 |  55.4 |      10 |       2 |  16.7
        D:4 |     313 |       0 |   0.0 |      23 |       0 |   0.0
        D:5 |     266 |       0 |   0.0 |       8 |       0 |   0.0
        D:6 |     429 |       0 |   0.0 |      17 |       0 |   0.0
        D:7 |    1502 |     549 |  26.8 |      26 |       7 |  21.2
        D:8 |     278 |     895 |  76.3 |       4 |       2 |  33.3
            +---------+---------+-------+---------+---------+-------
